 Dungeon Crawl Stone Soup version 0.29-a0-283-ga02f740833 (webtiles) character file.

Game seed: 16312364903482831505

29581 cbfl8 the Basher (level 13, -49/101 HPs)
             Began as a Minotaur Delver on Mar 13, 2022.
             Was an Elder of Hepliaklqana.
             Annihilated by an enormous slime creature (52 damage)
             ... on level 13 of the Dungeon.
             The game lasted 00:44:30 (19125 turns).

cbfl8 the Basher (Minotaur Delver)                 Turns: 19125, Time: 00:44:31

Health: -49/101    AC: 20    Str: 28    XL:     13   Next: 15%
Magic:  12/12      EV: 12    Int:  7    God:    Hepliaklqana [****..]
Gold:   584        SH: 12    Dex: 10    Spells: 3/12 levels left

rFire   . . .      SeeInvis .   X - +5 flail "Spiderslayer" {flame, Fly rPois}
rCold   . . .      Faith    +   y - +2 kite shield
rNeg    . . .      Spirit   .   s - quicksilver dragon scales
rPois   +          Reflect  .   (helmet restricted)
rElec   .          Harm     +   G - scarf {harm}
rCorr   .          Rampage  .   D - +2 pair of gloves
Will    +....                   P - +0 pair of boots
Stlth   ++........              Q - amulet of faith
HPRegen 0.26/turn               E - +6 ring of strength
MPRegen 0.13/turn               H - ring of flight

@: flying
A: reduced essence, horns 2, retaliatory headbutt, iridescent scales 1, clumsy
1, deterioration 1, screaming 1
a: Renounce Religion, Recall Ancestor, Ancestor Identity, Transference, Idealise


You were on level 13 of the Dungeon.
You worshipped Hepliaklqana.
Hepliaklqana was greatly pleased with you.
You visited 4 branches of the dungeon, and saw 19 of its levels.

You collected 998 gold pieces.
You spent 414 gold pieces at shops.

Inventory:

Hand Weapons
 n - a +3 war axe
 t - the +6 shillelagh "Devastator" {shatter}
   (You found it on level 4 of the Dungeon)

   It releases a powerful concussive burst when it strikes, dealing extra damage
   to the target and all other foes adjacent to them.
 X - the +5 flail "Spiderslayer" (weapon) {flame, Fly rPois}
   (You found it on level 11 of the Dungeon)

   It burns those it strikes, dealing additional fire damage.
   rPois:     It protects you from poison.
   Fly:       It grants you flight.
Missiles
 O - a throwing net (quivered)
Armour
 j - +0 steam dragon scales
 m - a +0 plate armour
 s - quicksilver dragon scales (worn)
 v - a +0 buckler
 y - a +2 kite shield (worn)
 D - a +2 pair of gloves (worn)
 G - a scarf of harm (worn)
 P - a +0 pair of boots (worn)
Jewellery
 r - a +6 ring of strength
 E - a +6 ring of strength (left hand)
 H - a ring of flight (right hand)
 L - a +6 ring of strength
 N - an amulet of guardian spirit
 Q - an amulet of faith (around neck)
 R - an amulet of regeneration
 T - an amulet of reflection
Wands
 g - a wand of digging (13)
 h - a wand of mindburst (12)
 i - a wand of iceblast (24)
 w - a wand of polymorph (13)
 J - a wand of flame (10)
 K - a wand of acid (6)
Scrolls
 a - a scroll of noise
 c - 5 scrolls of fog
 d - 7 scrolls of identify
 e - 5 scrolls of fear
 k - 7 scrolls of immolation
 o - 13 scrolls of teleportation
 u - 2 scrolls of silence
 x - a scroll of blinking
 z - a scroll of magic mapping
 B - 5 scrolls of amnesia
 I - 3 scrolls of enchant armour
 M - a scroll of torment
 U - a scroll of acquirement
 V - a scroll of holy word
Potions
 b - 3 potions of attraction
 f - a potion of haste
 l - 6 potions of flight
 p - 2 potions of berserk rage
 q - a potion of resistance
 A - a potion of lignification
 C - 5 potions of cancellation
 F - a potion of ambrosia
 W - 2 potions of magic
 Y - a potion of heal wounds
 Z - a potion of mutation
Miscellaneous
 S - a tin of tremorstones (2/2)


   Skills:
 + Level 10.1 Fighting
 + Level 1.0 Long Blades
 + Level 4.2(9.8) Axes
 + Level 13.6(13.9) Maces & Flails
 + Level 10.7 Armour
 + Level 8.2 Dodging
 + Level 6.5 Stealth
 + Level 9.0 Shields
 * Level 5.4 Summonings
 * Level 4.8 Translocations


You had 3 spell levels left.
You knew the following spells:

 Your Spells              Type           Power      Damage    Failure   Level
a - Blink                 Tloc           12%        N/A       30%         2
b - Summon Hydra          Summ           3%         N/A       100%        7

Your spell library contained the following spells:

 Spells                   Type           Power      Damage    Failure   Level
 Call Imp                 Summ           7%         N/A       24%         2
 Call Canine Familiar     Summ           7%         N/A       43%         3
 Magic Dart               Conj           0%         1d3       83%         1
 Shock                    Conj/Air       0%         1d3       83%         1
 Portal Projectile        Hex/Tloc       6%         N/A       86%         3
 Ensorcelled Hibernation  Hex/Ice        0%         N/A       92%         2
 Passwall                 Tmut/Erth      0%         N/A       92%         2
 Sublimation of Blood     Necr           0%         N/A       92%         2
 Wereblood                Tmut           0%         N/A       92%         2
 Mephitic Cloud           Conj/Pois/Air  0%         N/A       99%         3
 Swiftness                Air            0%         N/A       99%         3
 Animate Armour           Summ/Erth      6%         N/A       99%         4
 Manifold Assault         Tloc           6%         N/A       99%         5
 Airstrike                Air            0%         N/A       100%        4
 Leda's Liquefaction      Hex/Erth       0%         N/A       100%        4
 Blade Hands              Tmut           0%         N/A       100%        5
 Iron Shot                Conj/Erth      0%         9d1       100%        6
 Storm Form               Tmut/Air       0%         N/A       100%        7


Dungeon Overview and Level Annotations

Branches:
Dungeon (13/15)            Temple (1/1) D:7            Lair (4/6) D:8
    Orc (1/2) D:9
  Swamp: Lair:2-4    Shoals: Lair:2-4     Snake: Lair:2-4    Spider: Lair:2-4
 Vaults: D:13-14

Altars:
Ashenzari
Cheibriados
Dithmenos
Elyvilon
Fedhas
Gozag
Hepliaklqana
Kikubaaqudgha
Makhleb
Nemelex Xobeh
Okawaru
Qazlal
Ru
Sif Muna
Trog
Uskayaw
Vehumet
Wu Jian
Xom
Yredelemnul
Zin
The Shining One

Shops:
D:4 *   D:6 =   D:10 *(   D:12 [


Innate Abilities, Weirdness & Mutations

Your life essence is reduced to manifest your ancestor. (-10% HP)
You have a pair of horns on your head.
You reflexively headbutt those who attack you in melee.
You are partially covered in iridescent scales. (AC +2)
You are clumsy. (Dex -2)
Your body sometimes deteriorates upon taking damage.
You occasionally shout uncontrollably at your foes.


Message History

You headbutt the tengu warrior, but do no damage.
You sock the tengu warrior! You burn the tengu warrior.
The tengu warrior is moderately wounded.
The tengu warrior misses you. You furiously retaliate!
You headbutt the tengu warrior! The tengu warrior pecks you.
The tengu warrior claws you but does no damage.
You bludgeon the tengu warrior!! You burn the tengu warrior!
You kill the tengu warrior!
You completely miss the enormous slime creature.
You headbutt the enormous slime creature!
The enormous slime creature is lightly wounded.
The enormous slime creature closely misses you.
You thump the enormous slime creature! You burn the enormous slime creature.
You headbutt the enormous slime creature.
The enormous slime creature is moderately wounded.
You sock the enormous slime creature! You burn the enormous slime creature.
You headbutt the enormous slime creature!
The enormous slime creature is moderately wounded.
The enormous slime creature hits you!!
You sock the enormous slime creature! You burn the enormous slime creature.
You headbutt the enormous slime creature.
The enormous slime creature is heavily wounded.
The enormous slime creature hits you!!!
Ouch! That really hurt!
* * * LOW HITPOINT WARNING * * *
You bludgeon the enormous slime creature!!
You burn the enormous slime creature!
The enormous slime creature is severely wounded.
The enormous slime creature hits you.
* * * LOW HITPOINT WARNING * * *
You barely miss the enormous slime creature.
You headbutt the enormous slime creature!
The enormous slime creature is severely wounded.
The enormous slime creature barely misses you.
You hit the enormous slime creature but do no damage.
You headbutt the enormous slime creature.
The enormous slime creature is severely wounded.
The enormous slime creature hits you!!!
Ouch! That really hurt!
You die...

#.....##.....>..##.#
#.....##.#####..##.#
#. #..##.# #.
#..##.# #. #.....#
#. ##.#### #. #.#
#.#.######.#
#......J@..#
#...######## .......
....... ......J
....... ......#
#####.


You could see an enormous slime creature.

Vanquished Creatures
  The ghost of frimble the Fighter, a journeyman DjCA of Ignis (Lair:2)
  2 hydras
  A catoblepas (Lair:2)
  3 centaur warriors
  A boulder beetle (D:11)
  4 two-headed ogres
  A dancing weapon (D:7)
  A tengu warrior (D:13)
  The ghost of horus123 the Orderly, a novice HOFi of Makhleb (D:7)
  A deep elf pyromancer (D:12)
  2 ugly things
  A cyclops (D:10)
  A slime creature (D:13)
  A black mamba (Lair:3)
  3 gargoyles
  6 cane toads
  2 komodo dragons
  A rime drake (Lair:2)
  An unseen horror (D:12)
  A yaktaur (shapeshifter) (D:9)
  A kobold demonologist (D:10)
  A troll (D:10)
  Grinder (D:5)
  18 blink frogs
  Sigmund (D:2)
  3 wraiths
  A shadow (D:9)
  3 wyverns (D:9)
  A vampire (D:12)
  4 basilisks
  2 fire bats (D:6)
  15 yaks
  2 steam dragons
  A vampire mosquito (D:9)
  Menkaure (D:7)
  Duvessa (D:7)
  5 water moccasins
  A sky beast (D:8)
  2 orc warriors
  3 black bears
  2 ogres (D:4)
  4 centaurs
  5 wolves (Lair:1)
  10 bullfrogs
  A necrophage (D:6)
  2 gnoll sergeants
  7 wights
  Dowan (D:7)
  20 killer bees
  An electric eel (Lair:2)
  A hexer (D:11)
  A howler monkey (D:9)
  6 orc priests
  A gnoll shaman (D:7)
  6 hounds
  14 orc wizards
  An iguana (D:7)
  2 hell rats (Lair:3)
  A centaur simulacrum (D:9)
  Robin (D:2)
  17 gnolls
  9 river rats (Lair:3)
  8 adders
  3 shadow imps
  A white imp (D:6)
  An ufetubus (D:5)
  A worm (D:6)
  2 dart slugs (D:4)
  51 orcs
  15 endoplasms
  6 giant cockroaches
  22 goblins
  11 hobgoblins
  2 jackals (D:2)
  8 quokkas
  3 training dummies (D:10)
  7 ball pythons
  6 bats
  2 frilled lizards
  15 kobolds
  7 rats
  A butterfly (Lair:1)
387 creatures vanquished.

Vanquished Creatures (collateral kills)
  A basilisk (D:12)
  A killer bee (D:11)
  A howler monkey (D:9)
  An orc wizard (D:11)
  An orc (D:11)
5 creatures vanquished.

Vanquished Creatures (others)
  A hexer (D:13)
  14 fungi
  15 plants
30 creatures vanquished.

Grand Total: 422 creatures vanquished

Notes
Turn   | Place    | Note
-------+----------+-------------------------------------------
     0 | D:5      | cbfl8 the Minotaur Delver began the quest for the Orb.
     0 | D:5      | Reached XP level 1. HP: 19/19 MP: 0/0
   305 | D:5      | Reached XP level 2. HP: 21/27 MP: 1/1
   898 | D:5      | Reached XP level 3. HP: 33/33 MP: 2/2
   917 | D:5      | Reached skill level 1 in Armour
  1121 | D:5      | Reached skill level 1 in Long Blades
  1226 | D:5      | Reached XP level 4. HP: 40/40 MP: 3/3
  1374 | D:4      | Found the +6 shillelagh "Devastator" {shatter}
  1393 | D:4      | Found a stormy altar of Qazlal.
  1598 | D:2      | Noticed Robin
  1603 | D:2      | Killed Robin
  1607 | D:2      | Reached XP level 5. HP: 41/47 MP: 4/4
  1735 | D:1      | Found a faded altar of an unknown god.
  2240 | D:1      | Reached skill level 1 in Maces & Flails
  2438 | D:2      | Noticed Sigmund
  2451 | D:2      | Killed Sigmund
  2452 | D:2      | Reached skill level 3 in Maces & Flails
  2452 | D:2      | Reached XP level 6. HP: 30/53 MP: 5/5
  3638 | D:4      | Found Yritam's Assorted Antiques.
  3673 | D:4      | Bought a small glass ring for 95 gold pieces
  3673 | D:4      | Bought a scroll labelled SEUCHAA CUAN for 19 gold pieces
  3673 | D:4      | Bought a scroll labelled JETAWO AR WIAPNI for 19 gold
                  | pieces
  3673 | D:4      | Bought a fuming brown potion for 17 gold pieces
  4179 | D:4      | Reached skill level 5 in Fighting
  4185 | D:4      | Reached skill level 4 in Maces & Flails
  4517 | D:4      | Reached XP level 7. HP: 61/61 MP: 6/6
  4561 | D:4      | Reached skill level 5 in Maces & Flails
  4561 | D:4      | Reached skill level 1 in Shields
  4747 | D:5      | Reached skill level 5 in Armour
  4900 | D:5      | Reached skill level 5 in Stealth
  5040 | D:5      | Noticed Grinder
  5048 | D:5      | Killed Grinder
  5049 | D:5      | Reached skill level 6 in Maces & Flails
  5049 | D:5      | Reached XP level 8. HP: 68/68 MP: 7/7
  5915 | D:6      | Reached skill level 7 in Maces & Flails
  6076 | D:6      | Found a transporter.
  6216 | D:6      | Found a transporter.
  6283 | D:6      | Found Vujam's Jewellery Emporium.
  6689 | D:6      | Reached XP level 9. HP: 75/75 MP: 8/8
  7828 | D:7      | Reached skill level 8 in Maces & Flails
  7947 | D:7      | Noticed Menkaure
  7972 | D:7      | Killed Menkaure
  8016 | D:7      | Identified the +1 robe "Xotaisch" {Int-3 Dex+5}
  8429 | D:7      | Found a runed translucent door.
  8430 | D:7      | Found a shimmering altar of Xom.
  8430 | D:7      | Noticed a +1 falchion of chaos
  8431 | D:7      | Noticed horus123's ghost (novice HOFi)
  8446 | D:7      | Killed a +1 falchion of chaos
  8447 | D:7      | Reached skill level 9 in Maces & Flails
  8447 | D:7      | Reached skill level 5 in Dodging
  8455 | D:7      | Killed horus123's ghost
  8456 | D:7      | Reached XP level 10. HP: 59/86 MP: 9/9
  8777 | D:7      | Found a staircase to the Ecumenical Temple.
  8799 | D:7      | Noticed Duvessa
  8801 | D:7      | Noticed Dowan
  8810 | D:7      | Killed Dowan
  8811 | D:7      | Killed Duvessa
  9116 | Temple   | Entered the Ecumenical Temple
  9458 | Temple   | Learned a level 2 spell: Blink
  9466 | Temple   | Learned a level 7 spell: Summon Hydra
  9689 | D:8      | Reached skill level 10 in Maces & Flails
 10108 | D:8      | Reached skill level 1 in Summonings
 10109 | D:8      | Reached skill level 1 in Translocations
 10144 | D:8      | Found a staircase to the Lair.
 10225 | D:8      | Reached skill level 5 in Shields
 10538 | Lair:1   | Entered Level 1 of the Lair of Beasts
 10763 | Lair:1   | Reached skill level 11 in Maces & Flails
 11048 | Lair:1   | Noticed a cane toad
 11056 | Lair:1   | Killed a cane toad
 11220 | Lair:1   | Noticed a six-headed hydra
 11266 | Lair:1   | Killed a six-headed hydra
 11267 | Lair:1   | Reached XP level 11. HP: 57/93 MP: 10/10
 12232 | Lair:2   | Noticed an eight-headed hydra
 12508 | Lair:2   | Noticed a catoblepas
 12519 | Lair:2   | Killed a catoblepas
 12723 | Lair:2   | Found a large runed translucent door.
 12727 | Lair:2   | Found a large runed translucent door.
 12775 | Lair:2   | Reached skill level 12 in Maces & Flails
 12946 | Lair:2   | Killed an eight-headed hydra
 13135 | Lair:2   | Noticed frimble's ghost (journeyman DjCA)
 13463 | Lair:2   | Noticed a mana viper
 13463 | Lair:2   | Noticed a mana viper
 13463 | Lair:2   | Noticed a mana viper
 13463 | Lair:2   | Killed frimble's ghost
 13516 | Lair:2   | Identified a scroll of acquirement
 13558 | Lair:3   | Reached XP level 12. HP: 98/100 MP: 11/11
 13918 | Temple   | Became a worshipper of Hepliaklqana the Forgotten
 14122 | Lair:3   | Gained mutation: You are clumsy. (Dex -2) [potion of
                  | mutation]
 14122 | Lair:3   | Gained mutation: You have hidden genetic defects. [potion
                  | of mutation]
 14122 | Lair:3   | Gained mutation: You are partially covered in iridescent
                  | scales. (AC +2) [potion of mutation]
 14153 | Lair:3   | Noticed a death yak
 14154 | Lair:3   | Noticed a death yak
 14155 | Lair:3   | Noticed a death yak
 14156 | Lair:3   | Noticed a death yak
 14653 | D:9      | Found a staircase to the Orcish Mines.
 14658 | Orc:1    | Entered Level 1 of the Orcish Mines
 15047 | D:9      | Noticed a two-headed ogre
 15056 | D:9      | Killed a two-headed ogre
 15057 | D:9      | Reached skill level 10 in Armour
 15179 | D:9      | Gained mutation: Your body sometimes deteriorates upon
                  | taking damage. [hidden defects]
 15527 | D:9      | Reached * piety under Hepliaklqana
 15682 | D:10     | Entered Level 10 of the Dungeon
 15762 | D:10     | Reached skill level 13 in Maces & Flails
 16010 | D:10     | Found Mengolis's Assorted Antiques.
 16019 | D:10     | Bought a wand of digging (6) for 264 gold pieces
 16091 | D:10     | Noticed a two-headed ogre
 16095 | D:10     | Killed a two-headed ogre
 16143 | D:10     | Found Cuwal's Firing Range.
 16566 | D:11     | Reached ** piety under Hepliaklqana
 16573 | D:11     | Remembered your ancestor Chungus as a hexer
 16734 | D:11     | You are sucked into a shaft and drop 2 floors!
 16820 | D:12     | Gained mutation: You occasionally shout uncontrollably at
                  | your foes. [hidden defects]
 16820 | D:12     | Lost mutation: You have hidden genetic defects. [hidden
                  | defects expressed]
 17154 | D:12     | Reached *** piety under Hepliaklqana
 17155 | D:12     | Noticed a two-headed ogre
 17161 | D:12     | Killed a two-headed ogre
 17162 | D:12     | Reached skill level 5 in Summonings
 17375 | D:12     | Found Ciulix's Antique Armour Shop.
 17377 | D:12     | Noticed a centaur warrior
 17387 | D:12     | Killed a centaur warrior
 17972 | D:11     | Noticed a two-headed ogre
 17978 | D:11     | Killed a two-headed ogre
 18139 | D:11     | Noticed a boulder beetle
 18167 | D:11     | Killed a boulder beetle
 18175 | D:11     | Identified the +5 flail "Spiderslayer" {flame, Fly rPois}
 18416 | D:11     | Reached skill level 10 in Fighting
 18416 | D:11     | Reached XP level 13. HP: 92/101 MP: 12/12
 18833 | D:13     | Reached **** piety under Hepliaklqana
 19123 | D:13     | HP: 3/101 [enormous slime creature (4)]
 19125 | D:13     | Annihilated by an enormous slime creature

Illustrated notes

Levels and vault maps discovered:
D:1:      dpeg_arrival_central, layout_basic, shapermc_ecumenical_altar_venn
D:2:      layout_basic, uniq_robin, uniq_sigmund
D:3:      layout_rooms
D:4:      minmay_diamond_boxcup, layout_cave_pods, lemuel_doored_altar,
          serial_shops, nicolae_shop_trees
D:5:      corexii_shantytown, layout_layer_cave, uniq_grinder
D:6:      gammafunk_cloud_chamber, layout_loops_ring,
          cheibrodos_sewer_entry_drain, minmay_shop_enchanted_jewellery,
          minivault_11
D:7:      layout_loops_ring, minmay_temple_entry_enclosed_plants,
          ebering_ghost_xom, kennysheep_generic_room_14, uniq_menkaure,
          uniq_duvessa
D:8:      layout_rooms, lair_entry_dummy
D:9:      layout_irregular_city, orc_0_dummy, minmay_the_grid_2x2
          [minmay_the_grid_empty, minmay_the_grid_outer_diamond,
          minmay_the_grid_zigzag_pyramid, minmay_the_grid_prize_inner_circle]
D:10:     layout_roguey, serial_shops, nicolae_stop_n_shop_2,
          nicolae_shop_firing_range
D:11:     layout_irregular_city
D:12:     layout_irregular_city, serial_shops, shop
D:13:     layout_basic, kennysheep_generic_room_13
Temple:   mainiacjoe_temple_circle_huts
Lair:1:   layout_cave_pods, grunt_megastairs_4, lemuel_fruit_fields,
          serial_bayou_shore_b
Lair:2:   layout_chaotic_city, ebering_ghost_disaster_area,
          infiniplex_staircase_pool, lemuel_fruit_tree
Lair:3:   mu_elephants_graveyard, layout_regular_city, kennysheep_rathole,
          lemuel_fruit_fields, uniq_amaemon, uniq_nergalle
Lair:4:   layout_misc_corridors, elwin_shoals_entry_rocks,
          spider_nest_entry_funnel_web, gammafunk_ghost_abyssal_escape
Orc:1:    nicolae_orc_accident_2, layout_caves, nicolae_specific_store,
          minmay_orc_temple_c, uniq_jorgrun

Skill      XL: |  1  2  3  4  5  6  7  8  9 10 11 12 13 |
---------------+----------------------------------------+-----
Fighting       | 4 5 7 8 10 | 10.1
Armour         | 1 2 3 4 5 7 8 9 10 | 10.7
Long Blades    | 1 |  1.0
Axes           | 3 4 |  4.2
Maces & Flails | 3 4 6 7 9 11 12 13 | 13.6
Dodging        | 3 4 5 6 7 8 |  8.2
Shields        | 1 2 4 6 7 8 9 |  9.0
Stealth        | 5 6 |  6.5
Summonings     | 2 4 5 |  5.4
Translocations | 2 3 4 |  4.8

Action                   |  1- 3 |  4- 6 |  7- 9 | 10-12 | 13-15 || total
-------------------------+-------+-------+-------+-------+-------++-------
Melee: Hand axe          |    10 |       |       |       |       ||    10
       Falchion          |    38 |       |       |       |       ||    38
       Headbutt          |    14 |     9 |    12 |    69 |    15 ||   119
       Punch             |     2 |     1 |       |       |       ||     3
       War axe           |    34 |    14 |       |    15 |       ||    63
       Shillelagh        |       |    99 |   100 |   319 |       ||   518
       Flail             |       |       |       |    15 |    49 ||    64
Invok: Recall Ancestor   |       |       |       |     2 |       ||     2
       Ancestor Identity |       |       |       |     2 |       ||     2
       Ancestor Life: He |       |       |       |     1 |       ||     1
  Use: Scroll            |     1 |     7 |     3 |    15 |       ||    26
       Potion            |       |       |     5 |    10 |       ||    15
 Stab: Sleeping          |     4 |     2 |     2 |     3 |       ||    11
       Distracted        |       |       |       |       |     2 ||     2
Armor: Ring mail         |    11 |       |       |       |       ||    11
       Plate armour      |    34 |    12 |       |       |       ||    46
       Quicksilver drago |       |    51 |    50 |   144 |    22 ||   267
       Skin              |       |       |       |     5 |       ||     5
Dodge: Dodged            |    35 |    59 |    50 |   150 |    18 ||   312
Block: Buckler           |       |    13 |    12 |       |       ||    25
       Kite shield       |       |       |    28 |   197 |    23 ||   248

Table legend: (Time is in decaauts)
 A = Elapsed time spent in this place.
 B = Non-inter-level travel time spent in this place.
 C = Inter-level travel time spent in this place.
 D = Time resting spent in this place.
 E = Time spent auto-exploring this place.
 F = Levels seen in this place.
 G = Mean time per level.
                   A        B        C        D        E       F      G
               +--------+--------+--------+--------+--------+-----+--------+
         Total |  19135 |  18133 |   1002 |   4477 |   7639 |  19 | 1007.1 |
       Dungeon |  14958 |  14387 |    571 |   3643 |   5996 |  13 | 1150.6 |
        Temple |    626 |    365 |    261 |      0 |    284 |   1 |  626.0 |
          Lair |   3535 |   3365 |    170 |    834 |   1359 |   4 |  883.8 |
  Orcish Mines |     14 |     14 |      0 |      0 |      0 |   1 |   14.0 |
               +--------+--------+--------+--------+--------+-----+--------+

Top non-repeatable levels by time:
     D:5: 2383 daAuts
     D:6: 2107 daAuts
     D:7: 1799 daAuts
  Lair:1: 1636 daAuts
  Lair:2: 1327 daAuts
    D:12: 1208 daAuts
     D:4: 1205 daAuts
     D:9: 1025 daAuts
     D:2: 1005 daAuts
    D:11: 955 daAuts
    D:10: 877 daAuts
     D:8: 830 daAuts
     D:1: 715 daAuts
  Temple: 626 daAuts
     D:3: 465 daAuts
